 Dungeon Crawl Stone Soup version 0.30-a0-371-gad7725a93e (webtiles) character file.

Game seed: 2037335769757656911

453 lunkers the Digger (level 7, -5/50 HPs)
             Began as a Meteoran Earth Elementalist on Nov 22, 2022.
             Slain by a scorpion (6 damage)
             ... on level 4 of the Dungeon.
             The game lasted 00:03:27 (1059 turns).

lunkers the Digger (Meteoran Earth Elementalist)    Turns: 1059, Time: 00:03:28

Health: -5/50      AC:  2    Str: 10      XL:     7   Next: 51%
Magic:  0/16       EV: 12    Int: 18      God:
Gold:   127        SH:  0    Dex: 14 (15) Spells: 11/17 levels left

rFire   . . .      SeeInvis +    (no weapon)
rCold   . . .      Faith    .    (no shield)
rNeg    . . .      Spirit   .    a - +0 robe
rPois   .          Reflect  .    (no helmet)
rElec   .          Harm     .    (no cloak)
rCorr   .          Rampage  .    (no gloves)
Will    .....                    (no boots)
Stlth   +.........               (no amulet)
HPRegen 0.28/turn                l - ring of see invisible
MPRegen 0.15/turn                (no ring)

@: lethally poisoned (-5 -> -9), very slightly contaminated, glowing
A: sense surroundings 1, otherworldly, glowing, explore regen
a: no special abilities


You were on level 4 of the Dungeon.
You visited 1 branch of the dungeon, and saw 4 of its levels.

You collected 127 gold pieces.

Inventory:

Hand Weapons
 q - a +1 dagger of distortion
Armour
 a - a +0 robe (worn)
 p - a +0 pair of boots
Jewellery
 e - a ring of fire
 l - a ring of see invisible (left hand)
Scrolls
 c - 7 scrolls of identify {unknown}
 f - 2 scrolls of immolation {unknown}
 h - a scroll of magic mapping {unknown}
 i - a scroll of acquirement {unknown}
 j - 3 scrolls of enchant armour {unknown}
 o - a scroll of teleportation {unknown}
Potions
 b - a potion of magic
 d - a potion of brilliance {unknown}
 g - a potion of mutation {unknown}
 k - 2 potions of curing {unknown}
 m - a potion of might {unknown}
 n - a potion of degeneration {unknown}


   Skills:
 - Level 2.4 Dodging
 - Level 1.4 Stealth
 + Level 5.5 Spellcasting
 - Level 1.2 Transmutations
 * Level 7.9 Earth Magic


You had 11 spell levels left.
You knew the following spells:

 Your Spells              Type           Power      Damage    Failure   Level
a - Sandblast             Erth           66%        2d15      1%          1
b - Passwall              Tmut/Erth      17%        N/A       3%          2
c - Stone Arrow           Conj/Erth      38%        3d9       8%          3

Your spell library contained the following spells:

 Spells                   Type           Power      Damage    Failure   Level
 Petrify                  Tmut/Erth      21%        N/A       19%         4
 Portal Projectile        Hex/Tloc       8%         N/A       36%         3
 Tukima's Dance           Hex            4%         N/A       36%         3
 Blade Hands              Tmut           4%         N/A       91%         5


Dungeon Overview and Level Annotations

Branches:
Dungeon (4/15) Zot: 1305
 Temple: D:4-7

Altars:

Shops:
D:2 *   D:4 *[


Innate Abilities, Weirdness & Mutations

You passively map a small area around you.
You are easily found by Zot.
You glow in the dark.
You regain HP and MP as you explore.


Message History

Casting: Stone Arrow (dangerous; 8% risk of failure)
Confirm with . or Enter, or press ? or * to list all spells.
Aiming: Stone Arrow (dangerous; 8% risk of failure)
Press: ? - help, Shift-Dir - straight line, f/p - scorpion
Aim: a scorpion (68% to hit)
You miscast Stone Arrow.
You feel a surge of energy from the ground.
* * * LOW HITPOINT WARNING * * *
* * * LOW MAGIC WARNING * * *
The scorpion closely misses you.
Aiming: Sandblast (safe; 1% risk of failure)
Press: ? - help, Q - select action, (/) - cycle Shift-Dir - straight line, f/p - scorpion
Aim: a scorpion (84% to hit)
The blast of sand hits the scorpion but does no damage.
* * * LOW MAGIC WARNING * * *
The scorpion closely misses you. The scorpion stings you.
* * * LOW HITPOINT WARNING * * *
You are poisoned.
The scorpion poisons you!
Aiming: Sandblast (safe; 1% risk of failure)
Press: ? - help, Q - select action, (/) - cycle Shift-Dir - straight line, f/p - scorpion
Aim: a scorpion (84% to hit)
The blast of sand hits the scorpion!
The scorpion is severely wounded.
* * * LOW MAGIC WARNING * * *
You feel very sick. The scorpion stings you.
* * * LOW HITPOINT WARNING * * *
The scorpion stings you.
* * * LOW HITPOINT WARNING * * *
Unknown command.
Aiming: Sandblast (safe; 1% risk of failure)
Press: ? - help, Q - select action, (/) - cycle Shift-Dir - straight line, f/p - scorpion
Aim: a scorpion (severely wounded, 84% to hit)
The blast of sand hits the scorpion but does no damage.
The scorpion is severely wounded.
* * * LOW MAGIC WARNING * * *
* * * LOW HITPOINT WARNING * * *
You feel sick. The scorpion stings you.
You die...

* , ,, , , .... , , ..
#... ,....., , . ...
,**#....# , , #.
..####.....#. , , ,,
,..?##...#........ ,
.........#......) ...
.......)..............
.......@s.....# ..†..#..
*,
.####.##.....†###...##..
* .
##..........#.#....... *
##.#.>...................
#..#.....).†).......:# ..
,
#...................##..
,
#...................#...
#...................#...
, #........<............#


You could see a scorpion.

Vanquished Creatures
  Eustachio (D:4)
  A water moccasin (D:4)
  A hound (D:3)
  2 orc priests (D:4)
  Jessica (D:3)
  4 gnolls (D:3)
  2 adders (D:4)
  A worm (D:2)
  5 orcs (D:4)
  5 ball pythons
  3 endoplasms
  2 giant cockroaches (D:1)
  5 goblins
  A hobgoblin (D:3)
  5 kobolds
  2 quokkas
  3 bats
  A frilled lizard (D:1)
  5 rats
50 creatures vanquished.

Notes
Turn   | Place    | Note
-------+----------+-------------------------------------------
     0 | D:1      | lunkers the Meteoran Earth Elementalist began the quest for
                  | the Orb.
     0 | D:1      | Reached XP level 1. HP: 14/14 MP: 5/5
    58 | D:1      | Reached XP level 2. HP: 20/20 MP: 2/6
    68 | D:1      | Reached skill level 4 in Earth Magic
   229 | D:1      | Reached XP level 3. HP: 26/26 MP: 5/8
   577 | D:2      | Found Numisil's Assorted Antiques.
   693 | D:3      | Noticed Jessica
   694 | D:3      | Killed Jessica
   695 | D:3      | Reached skill level 5 in Earth Magic
   695 | D:3      | Reached XP level 4. HP: 33/33 MP: 7/10
   775 | D:3      | Reached XP level 5. HP: 38/38 MP: 7/11
   862 | D:3      | Reached skill level 6 in Earth Magic
   879 | D:3      | Learned a level 2 spell: Passwall
   883 | D:3      | Learned a level 3 spell: Stone Arrow
   960 | D:4      | Noticed a water moccasin
   963 | D:4      | Killed a water moccasin
   964 | D:4      | Reached XP level 6. HP: 39/45 MP: 10/14
   964 | D:4      | Found Witwukk's Assorted Antiques.
   982 | D:4      | Found Geheg's Antique Armour Boutique.
  1001 | D:4      | Reached skill level 7 in Earth Magic
  1026 | D:4      | Reached skill level 5 in Spellcasting
  1026 | D:4      | Reached XP level 7. HP: 50/50 MP: 9/15
  1046 | D:4      | Noticed Eustachio
  1054 | D:4      | Killed Eustachio
  1059 | D:4      | HP: 1/50 [poisoned by a scorpion]
  1059 | D:4      | Slain by a scorpion

Illustrated notes

Levels and vault maps discovered:
D:1:      zelgadis_glass_arrival_small, layout_rooms,
          dreamdust_ecumenical_altar_drowned_temple, minmay_bisected
D:2:      layout_basic, serial_shops, shop, minmay_tripent
D:3:      layout_loops_ring, uniq_jessica
D:4:      layout_cave_pools, enter_ossuary_5, serial_shops, shop,
          nicolae_take_the_stairs, nicolae_shop_advertising_works
          [nicolae_subvault_shop_adworks], nicolae_shop_bloodbath_and_beyond,
          minmay_misc_feat_more_columns, uniq_edmund, uniq_eustachio

Skill      XL: |  1  2  3  4  5  6 |
---------------+-------------------+-----
Earth Magic    | 4 5 6 7 |  7.9
Spellcasting   | 3 4 5 |  5.5
Dodging        | |  2.4
Stealth        | |  1.4
Transmutations | |  1.2

Action                   |  1- 3 |  4- 6 |  7- 9 || total
-------------------------+-------+-------+-------++-------
 Cast: Sandblast         |    28 |    36 |     8 ||    72
       Stone Arrow       |       |       |     1 ||     1
Armor: Robe              |     1 |       |     1 ||     2
Dodge: Dodged            |     1 |     6 |     9 ||    16

Table legend: (Time is in decaauts)
 A = Elapsed time spent in this place.
 B = Non-inter-level travel time spent in this place.
 C = Inter-level travel time spent in this place.
 D = Time resting spent in this place.
 E = Time spent auto-exploring this place.
 F = Levels seen in this place.
 G = Mean time per level.
                   A        B        C        D        E       F      G
               +--------+--------+--------+--------+--------+-----+--------+
         Total |   1093 |   1030 |     63 |      0 |    733 |   4 |  273.2 |
       Dungeon |   1093 |   1030 |     63 |      0 |    733 |   4 |  273.2 |
               +--------+--------+--------+--------+--------+-----+--------+

Top non-repeatable levels by time:
     D:2: 370 daAuts
     D:3: 358 daAuts
     D:1: 253 daAuts
     D:4: 110 daAuts
